 Dungeon Crawl Stone Soup version 0.29-a0-330-g52719c12eb (webtiles) character file.

Game seed: 15611313109697570188

27759 Armakuni the Covert (level 13, -14/91 HPs)
             Began as a Human Conjurer on May 26, 2022.
             Was an Initiate of Ru.
             Killed by an exploding elephant (25 damage)
             ... ignited by their inner flame
             ... on level 6 of the Lair of Beasts.
             The game lasted 00:45:35 (22028 turns).

Armakuni the Covert (Human Conjurer)               Turns: 22028, Time: 00:45:35

Health: -14/91     AC: 10    Str:  9      XL:     13   Next: 68%
Magic:  8/27       EV: 12    Int: 20 (21) God:    Ru [......]
Gold:   784        SH:  0    Dex: 11 (13) Spells: 22/32 levels left

rFire   . . .      SeeInvis +   a - staff of conjuration
rCold   . . .      Faith    .   (no shield)
rNeg    . . .      Spirit   .   F - +0 steam dragon scales
rPois   .          Reflect  .   c - +2 hat
rElec   .          Harm     .   e - +1 cloak
rCorr   .          Rampage  .   (no gloves)
Will    +....                   h - +0 pair of boots
Stlth   +++++.....              (no amulet)
HPRegen 0.25/turn               I - ring of see invisible
MPRegen 0.20/turn               W - ring of willpower

@: no status effects
A: no striking features
a: Renounce Religion, Sacrifice Stealth, Sacrifice Artifice, Sacrifice an Eye,
Reject Sacrifices


You were on level 6 of the Lair of Beasts.
You worshipped Ru.
Ru was noncommittal.
You visited 3 branches of the dungeon, and saw 15 of its levels.

You collected 784 gold pieces.

Inventory:

Hand Weapons
 b - a +1 lajatang
Missiles
 z - a throwing net
Armour
 c - a +2 hat (worn)
 e - a +1 cloak (worn)
 h - a +0 pair of boots (worn)
 o - a +0 chain mail of poison resistance
 s - a +0 scale mail of positive energy
 F - +0 steam dragon scales (worn)
Magical Staves
 a - a staff of conjuration (weapon)
Jewellery
 D - a +6 ring of dexterity
 I - a ring of see invisible (left hand)
 W - a ring of willpower (right hand)
Wands
 p - a wand of paralysis (4)
 v - a wand of digging (6)
Scrolls
 g - a scroll of summoning {unknown}
 k - 3 scrolls of teleportation
 l - a scroll of silence
 m - 2 scrolls of fog
 n - 4 scrolls of amnesia
 q - a scroll of noise
 u - a scroll of vulnerability
 x - 2 scrolls of immolation
 G - a scroll of fear
Potions
 d - a potion of might
 f - 5 potions of flight
 i - 2 potions of attraction
 r - 4 potions of curing
 t - 2 potions of degeneration
 w - a potion of brilliance
 A - 4 potions of ambrosia
 B - 3 potions of lignification {unknown}
 C - a potion of resistance {unknown}
 E - 3 potions of invisibility {unknown}
 H - 4 potions of mutation {unknown}
 J - a potion of haste {unknown}


   Skills:
 - Level 5.0 Fighting
 - Level 5.0 Staves
 - Level 2.0 Dodging
 + Level 13.3 Stealth
 - Level 10.0 Spellcasting
 + Level 10.2 Conjurations
 - Level 3.0 Translocations
 - Level 10.0 Evocations


You had 22 spell levels left.
You knew the following spells:

 Your Spells              Type           Power      Damage    Failure   Level
m - Iskenderun's Mystic   Conj/Tloc      53%        2d11      4%          4
p - Fulminant Prism       Conj/Hex       22%        3d13      9%          4
z - Searing Ray           Conj           100%       2d8       1%          2

Your spell library contained the following spells:

 Spells                   Type           Power      Damage    Failure   Level
 Magic Dart               Conj           100%       1d8       1%          1
 Dazzling Flash           Conj/Hex       90%        N/A       2%          3
 Beastly Appendage        Tmut           20%        N/A       7%          1
 Pain                     Necr           40%        1d6       7%          1
 Wereblood                Tmut           10%        N/A       11%         2
 Spider Form              Tmut/Pois      10%        N/A       21%         3
 Agony                    Necr           10%        N/A       88%         5
 Alistair's Intoxication  Tmut/Pois      6%         N/A       88%         5
 Borgnjor's Vile Clutch   Necr/Erth      5%         N/A       88%         5
 Excruciating Wounds      Necr           5%         N/A       88%         5
 Lee's Rapid Deconstruct  Erth           5%         3d7*      88%         5
 Eringya's Noxious Bog    Tmut/Pois      5%         N/A       100%        6


Dungeon Overview and Level Annotations

Branches:
Dungeon (8/15)             Temple (1/1) D:5            Lair (6/6) D:8
  Swamp (0/4) Lair:4       Spider (0/4) Lair:3        Slime (0/5) Lair:5

Altars:
Ashenzari
Cheibriados
Dithmenos
Elyvilon
Fedhas
Gozag
Hepliaklqana
Kikubaaqudgha
Makhleb
Nemelex Xobeh
Okawaru
Qazlal
Ru
Sif Muna
Trog
Uskayaw
Vehumet
Wu Jian
Xom
Yredelemnul
Zin
The Shining One

Annotations:
D:8 1 runed translucent door, exclusion: 4 orange crystal statues


Message History

The mystic blast hits the black mamba!
Flame seeps out of the black mamba.
The black mamba is heavily wounded.
The black mamba is knocked back by the mystic blast.
You are engulfed in blazing flames.
You hear a bellow!
The elephant is engulfed in blazing flames.
Flame seeps out of the elephant.
The elephant is engulfed in blazing flames.
Flame seeps out of the elephant.
The elephant is engulfed in blazing flames.
Flame seeps out of the elephant.
Casting: Iskenderun's Mystic Blast (dangerous; 4% risk of failure)
Confirm with . or Enter, or press ? or * to list all spells.
You feel a surge of power!
You erupt in a blast of force!
The mystic blast hits the elephant!
Flame seeps out of the elephant.
The elephant is lightly wounded.
The elephant is knocked back by the mystic blast.
The mystic blast hits the elephant.
Flame seeps out of the elephant.
The elephant is moderately wounded.
The mystic blast hits the black mamba!
Flame seeps out of the black mamba.
The black mamba is severely wounded.
The black mamba is knocked back by the mystic blast.
The black mamba collides with the water moccasin!
The water moccasin is moderately wounded.
Flame seeps out of the black mamba.
The black mamba is almost dead.
The mystic blast hits the elephant! x2
The elephant explodes!
The fiery explosion engulfs the elephant!!
Flame seeps out of the elephant.
The elephant is severely wounded.
The fiery explosion engulfs you!!
* * * LOW HITPOINT WARNING * * *
The elephant explodes!
The fiery explosion engulfs the elephant!!!
The fiery explosion engulfs you!
* * * LOW HITPOINT WARNING * * *
The elephant explodes!
The fiery explosion engulfs you!!
You die...

##.##.#.?.#
#..#..P.#.##
##..........#
#Y..Y.....P##
#P.........P#
##.§§°...PPP#
#.#..○○§°..PP#
#....§§○§...P#
#...§§@§§...##
#...≈○°......#
#≈.SS.#........P
##.........P...#
#.....?..P..P##
#...........##
#...........P#
##.........P#.


You could see 2 elephants, a black mamba (inner flame) and a water moccasin.

Vanquished Creatures
  A hydra (Lair:2)
  2 death yaks (Lair:4)
  A bog body (Lair:4)
  10 elephants
  2 black mambas
  Joseph (D:7)
  A torpor snail (Lair:3)
  12 cane toads
  2 rime drakes (Lair:4)
  6 komodo dragons
  8 polar bears
  A meliai (Lair:3)
  A troll (D:6)
  10 blink frogs
  17 dream sheep (Lair:5)
  3 wyverns
  13 yaks
  A basilisk (Lair:4)
  A steam dragon (D:8)
  2 swamp worms (Lair:4)
  Menkaure (D:7)
  An acid dragon (D:8)
  14 water moccasins
  3 orc warriors
  A centaur (D:8)
  3 ogres
  4 wolves (Lair:1)
  A phantom (D:6)
  15 bullfrogs
  3 scorpions (D:4)
  A necrophage (D:6)
  2 wights (D:7)
  3 killer bees (Lair:3)
  An electric eel (Lair:4)
  2 howler monkeys (D:7)
  A jelly (D:5)
  A gnoll shaman (D:5)
  4 orc priests
  2 hounds
  Crazy Yiuf (D:7)
  2 iguanas
  6 orc wizards
  6 gnolls (D:5)
  A river rat (Lair:2)
  7 adders
  2 white imps
  4 ufetubi
  3 worms
  2 dart slugs
  29 orcs
  9 ball pythons
  6 bats
  5 endoplasms
  2 giant cockroaches (D:1)
  8 goblins
  7 hobgoblins
  2 jackals (D:1)
  3 quokkas
  8 frilled lizards
  4 kobolds
  3 rats
278 creatures vanquished.

Vanquished Creatures (collateral kills)
  Gastronok (Lair:2)
  A hydra (Lair:1)
  Prince Ribbit (D:7)
  A wolf (Lair:1)
  A wight (D:7)
  2 orcs
7 creatures vanquished.

Vanquished Creatures (others)
  A komodo dragon (Lair:1)
  A wyvern (Lair:1)
  An ice beast (D:8)
  A wight (D:7)
  96 fulminant prisms
  39 fungi
  45 plants
184 creatures vanquished.

Grand Total: 469 creatures vanquished

Notes
Turn   | Place    | Note
-------+----------+-------------------------------------------
     0 | D:1      | Armakuni the Human Conjurer began the quest for the Orb.
     0 | D:1      | Reached XP level 1. HP: 13/13 MP: 3/3
   290 | D:1      | Reached XP level 2. HP: 19/19 MP: 1/5
   358 | D:1      | Found a faded altar of an unknown god.
   395 | D:1      | Learned a level 2 spell: Searing Ray
   809 | D:1      | Reached XP level 3. HP: 24/24 MP: 3/6
  1167 | D:2      | Reached skill level 5 in Conjurations
  1556 | D:2      | Reached XP level 4. HP: 30/30 MP: 4/7
  2052 | D:3      | Identified a scroll of acquirement
  2052 | D:3      | Acquired a staff of conjuration
  2068 | D:3      | Learned a level 4 spell: Iskenderun's Mystic Blast
  2289 | D:3      | You fall into a shaft and drop 1 floor!
  2301 | D:4      | Noticed a wyvern
  3174 | D:4      | Reached XP level 5. HP: 35/35 MP: 5/8
  3469 | D:4      | Reached skill level 1 in Evocations
  3469 | D:4      | Reached XP level 6. HP: 31/41 MP: 1/9
  3658 | D:4      | Killed a wyvern
  3821 | D:4      | Reached XP level 7. HP: 46/46 MP: 3/10
  4241 | D:5      | Entered Level 5 of the Dungeon
  4955 | D:5      | Found a staircase to the Ecumenical Temple.
  4967 | Temple   | Entered the Ecumenical Temple
  5378 | D:5      | Reached XP level 8. HP: 46/52 MP: 5/11
  6229 | D:5      | Reached skill level 5 in Evocations
  6610 | D:6      | Noticed a troll
  6626 | D:6      | Killed a troll
  7077 | D:6      | Reached XP level 9. HP: 52/57 MP: 7/12
  7856 | D:7      | Noticed Joseph
  7880 | D:7      | Killed Joseph
  7881 | D:7      | Reached skill level 10 in Conjurations
  8503 | D:7      | Noticed Menkaure
  8507 | D:7      | Killed Menkaure
  8567 | D:7      | Noticed Prince Ribbit
  8578 | D:7      | Killed Prince Ribbit
  8579 | D:7      | Reached skill level 1 in Fighting
  8579 | D:7      | Reached skill level 1 in Staves
  8712 | D:7      | Found a runed translucent door.
  8713 | D:7      | Noticed Crazy Yiuf
  8748 | D:7      | Found a sacrificial altar of Ru.
  8786 | D:7      | Killed Crazy Yiuf
  8787 | D:7      | Reached XP level 10. HP: 66/66 MP: 7/13
  9105 | D:7      | Became a worshipper of Ru the Awakened
  9593 | D:8      | Found a runed translucent door.
 10016 | D:8      | Found the +10 tower shield of Ignorance {rN+ Int-4}
 10023 | D:8      | Found a runed translucent door.
 10030 | D:8      | Noticed an orange crystal statue
 10030 | D:8      | Noticed an orange crystal statue
 10030 | D:8      | Noticed an orange crystal statue
 10030 | D:8      | Noticed an orange crystal statue
 10231 | D:8      | Found a staircase to the Lair.
 10700 | Lair:1   | Entered Level 1 of the Lair of Beasts
 10852 | Lair:1   | Noticed a komodo dragon
 10859 | Lair:1   | Killed a komodo dragon
 11437 | Lair:1   | Noticed a komodo dragon
 11676 | Lair:1   | Noticed an eight-headed hydra
 11686 | Lair:1   | Killed an eight-headed hydra
 11711 | Lair:1   | Reached skill level 10 in Evocations
 12203 | Lair:1   | Reached skill level 5 in Fighting
 12203 | Lair:1   | Reached skill level 1 in Translocations
 12308 | Lair:1   | Reached skill level 5 in Staves
 12312 | Lair:1   | Reached XP level 11. HP: 11/79 MP: 0/14
 12747 | Lair:2   | Noticed Gastronok
 12760 | Lair:2   | Killed Gastronok
 12761 | Lair:2   | Reached skill level 4 in Stealth
 13205 | Lair:1   | Learned a level 4 spell: Fulminant Prism
 13211 | Lair:2   | Reached skill level 5 in Stealth
 13909 | Lair:2   | Reached skill level 5 in Spellcasting
 13985 | Lair:2   | Reached skill level 6 in Stealth
 14350 | Lair:2   | You fall into a shaft and drop 1 floor!
 15058 | Lair:2   | Noticed a five-headed hydra
 15070 | Lair:2   | Killed a five-headed hydra
 15071 | Lair:2   | Reached skill level 7 in Stealth
 15613 | Lair:3   | Reached XP level 12. HP: 85/86 MP: 5/21
 16113 | Lair:3   | Found a hole to the Spider Nest.
 16246 | Lair:3   | Reached skill level 8 in Stealth
 16993 | Lair:4   | Reached skill level 9 in Stealth
 17513 | Lair:4   | Noticed a death yak
 17515 | Lair:4   | Noticed a death yak
 18052 | Lair:4   | Reached skill level 10 in Stealth
 18349 | Lair:4   | Killed a death yak
 18349 | Lair:4   | Killed a death yak
 18646 | Lair:4   | Found a staircase to the Swamp.
 19121 | Lair:5   | Found a staircase to the Slime Pits.
 19549 | Lair:5   | Reached XP level 13. HP: 91/91 MP: 10/26
 19695 | Lair:5   | Reached skill level 11 in Stealth
 20396 | Lair:5   | Reached skill level 10 in Spellcasting
 20458 | Lair:5   | Reached skill level 12 in Stealth
 21288 | Lair:5   | Reached skill level 13 in Stealth
 22021 | Lair:6   | Entered Level 6 of the Lair of Beasts
 22028 | Lair:6   | Killed by an exploding elephant... ignited by their inner
                  | flame

Illustrated notes

Levels and vault maps discovered:
D:1:      wander_arrival_fairy_ring, layout_loops_ring,
          chequers_ecumenical_altar_twisty
D:2:      layout_rooms, st_stairs_1
D:3:      layout_loops_ring
D:4:      layout_rooms
D:5:      layout_basic, minmay_temple_entry_slanted, minmay_misc_feat_ornament
D:6:      layout_basic
D:7:      layout_loops_ring, nicolae_ru_path_of_blood, uniq_crazy_yiuf_cottage,
          uniq_menkaure, uniq_prince_ribbit1, uniq_joseph
D:8:      layout_cave_pods, chequers_guarded_unrand_ignorance
Temple:   mainiacjoe_temple_trianglar_array
Lair:1:   layout_cave_pods, chequers_serial_rivers_room_a, grunt_megastairs_2
Lair:2:   layout_hall_layers, pond, grunt_megastairs_3, uniq_gastronok
Lair:3:   layout_regular_city, hellmonk_spider_entry_not_the_bees,
          grunt_megastairs_5
Lair:4:   layout_regular_city, nicolae_swamp_entry_splash_gauntlet,
          beast_lair_carwin_10
Lair:5:   layout_roguey, slime_dummy, beast_lair_carwin_8,
          infiniplex_staircase_pool_2, lemuel_fruit_tree
Lair:6:   hangedman_lair_caniforms_friends, layout_gridlike,
          hangedman_lair_in_review, chequers_serial_rivers_small_a,
          grunt_forest_small_clearings, minivault_27

Skill      XL: |  1  2  3  4  5  6  7  8  9 10 11 12 13 |
---------------+----------------------------------------+-----
Conjurations   | 5 6 7 8 9 10 | 10.2
Evocations     | 1 2 4 6 8 10 | 10.0
Fighting       | 1 5 |  5.0
Staves         | 1 5 |  5.0
Translocations | 3 |  3.0
Stealth        | 7 10 13 | 13.3
Spellcasting   | 6 9 10 | 10.0
Dodging        | |  2.0

Action                   |  1- 3 |  4- 6 |  7- 9 | 10-12 | 13-15 || total
-------------------------+-------+-------+-------+-------+-------++-------
Melee: Unarmed           |     3 |       |       |       |       ||     3
       Long sword        |       |     7 |       |       |       ||     7
       Punch             |       |     1 |       |     1 |     2 ||     4
       Staff             |       |     2 |     7 |   111 |    49 ||   169
Throw: Throwing net      |       |       |       |     1 |       ||     1
 Cast: Magic Dart        |    40 |       |       |       |       ||    40
       Searing Ray       |    11 |    32 |    56 |    62 |    12 ||   173
       Iskenderun's Myst |       |       |     1 |    41 |    19 ||    61
       Fulminant Prism   |       |       |       |    65 |    31 ||    96
Evoke: Wand              |       |       |     8 |    16 |     2 ||    26
  Use: Scroll            |     2 |     5 |     7 |     3 |     4 ||    21
       Potion            |       |       |       |     4 |    10 ||    14
 Stab: Paralysed         |       |       |       |       |     7 ||     7
Armor: Robe              |     6 |     5 |     7 |     1 |       ||    19
       Steam dragon scal |       |       |       |    82 |    41 ||   123
Dodge: Dodged            |     7 |    21 |    31 |   149 |    52 ||   260

Table legend: (Time is in decaauts)
 A = Elapsed time spent in this place.
 B = Non-inter-level travel time spent in this place.
 C = Inter-level travel time spent in this place.
 D = Time resting spent in this place.
 E = Time spent auto-exploring this place.
 F = Levels seen in this place.
 G = Mean time per level.
                   A        B        C        D        E       F      G
               +--------+--------+--------+--------+--------+-----+--------+
         Total |  22070 |  21436 |    634 |   7173 |  11233 |  15 | 1471.3 |
       Dungeon |  10818 |  10363 |    455 |   2647 |   6273 |   8 | 1352.2 |
        Temple |    405 |    384 |     21 |      0 |    377 |   1 |  405.0 |
          Lair |  10846 |  10688 |    158 |   4526 |   4583 |   6 | 1807.7 |
               +--------+--------+--------+--------+--------+-----+--------+

Top non-repeatable levels by time:
  Lair:5: 2651 daAuts
  Lair:1: 2507 daAuts
  Lair:4: 2384 daAuts
     D:8: 2014 daAuts
  Lair:3: 1821 daAuts
     D:5: 1697 daAuts
     D:7: 1587 daAuts
  Lair:2: 1474 daAuts
     D:3: 1307 daAuts
     D:6: 1276 daAuts
     D:4: 1060 daAuts
     D:1: 1052 daAuts
     D:2: 822 daAuts
  Temple: 405 daAuts
  Lair:6: 6 daAuts
